 Dungeon Crawl Stone Soup version 0.20.1-1-g8b1a95d (webtiles) character file.

46 letownia2 the Grave Robber (level 3, 13/28 HPs)
             Began as a Deep Dwarf Necromancer on Dec 22, 2017.
             Quit the game on level 3 of the Dungeon.
             The game lasted 00:03:16 (1027 turns).

letownia2 the Grave Robber (Deep Dwarf Necromancer) Turns: 1027, Time: 00:03:17

Health: 13/28      AC:  3    Str: 11    XL:     3   Next: 44%
Magic:  3/6        EV: 12    Int: 16    God:
Gold:   66         SH:  0    Dex: 13    Spells: 2/6 levels left

rFire    . . .     SeeInvis .   a - +0 quarterstaff
rCold    . . .     Gourm    .   (shield currently unavailable)
rNeg     . . .     Faith    .   d - +0 leather armour
rPois    .         Spirit   .   (no helmet)
rElec    .         Reflect  .   (no cloak)
rCorr    .         Harm     .   (no gloves)
MR       .....                  (no boots)
Stlth    +.........             (no amulet)
Regen    0.0/turn               g - ring of loudness (curse)
MPRegen  0.1/turn               (no ring)

@: non-regenerating, very slow
A: damage resistance, heal wounds, sense surroundings 1, no regeneration
a: Heal Wounds


You were on level 3 of the Dungeon.
You were very hungry.

You visited 1 branch of the dungeon, and saw 4 of its levels.

You collected 66 gold pieces.

Inventory:

Hand Weapons
 a - a +0 quarterstaff (weapon)
 l - a +0 arbalest
Armour
 d - a +0 leather armour (worn)
Jewellery
 g - a cursed ring of loudness (left hand)
Scrolls
 e - 3 scrolls of identify {unknown}
 h - a scroll of enchant armour {unknown}
 i - a scroll of teleportation {unknown}
 j - a scroll of remove curse {unknown}
Potions
 k - a potion of curing {unknown}
Books
 b - a book of Necromancy

   Spells                             Type                      Level
   a - Pain                           Necromancy                   1
   b - Animate Skeleton               Necromancy                   1
   c - Vampiric Draining              Necromancy                   3
   d - Regeneration                   Charms/Necromancy            3
   e - Animate Dead                   Necromancy                   4
   f - Control Undead                 Necromancy                   4
Comestibles
 c - a bread ration
 f - 2 royal jellies


   Skills:
 - Level 2.1 Dodging
 - Level 2.4 Stealth
 - Level 2.1 Spellcasting
 + Level 5.5 Necromancy


You had 2 spell levels left.
You knew the following spells:

 Your Spells              Type           Power        Failure   Level  Hunger
a - Pain                  Necr           ###.         2%          1    #......
v - Vampiric Draining     Necr           ###.......   9%          3    ###....


Dungeon Overview and Level Annotations

Branches:
Dungeon (4/15)
 Temple: D:4-7

Altars:
Xom

Annotations:
D:4 exclusion: worm, Menkaure


Innate Abilities, Weirdness & Mutations

You are resistant to damage.
You can heal yourself by infusing magical energy.
You passively map a small area around you.
You do not regenerate.


Message History

Unknown command.
You enter the shallow water.
Moving in this stuff is going to be slow.
The goblin hits you but does no damage. The goblin hits you with a dagger.
A giant cockroach comes into view.
The giant cockroach misses you.
You hit the giant cockroach.
The giant cockroach is heavily wounded.
The giant cockroach barely misses you. The goblin closely misses you.
Casting: Pain
Confirm with . or Enter, or press ? or * to list all spells.
Aiming: Pain
Press: ? - help, Shift-Dir - straight line, f - giant cockroach
Aim: a giant cockroach (heavily wounded, clinging, chance to defeat MR: 89%)
The giant cockroach writhes in agony!
You kill the giant cockroach!
The goblin splashes around in the water.
Unknown command.
Are you sure you want to abandon this character and quit the game? (Confirm with "yes".)

,, ,* * ,, * ,
*....####### * *
......... #*,
.......######### .+
,,,.....##≈≈gl≈!≈##
## , *
#....#l#######≈# ,,
, +....#≈##gg≈l#≈#
,,,##.)..#g#@###≈#l#
, ,
#....##≈##..#≈#≈# ,,
#.##.##≈#####l#≈# ,
#%##..##.lg≈≈##†# *
#.###..########≈#
######+#.#
###.≈.≈≈l≈.## ,,,
#........#
########## *
#........# *
#........#####


You could see a hobgoblin, a goblin and a frilled lizard.

Vanquished Creatures
  2 adders
  A dart slug (D:3)
  3 leopard geckos
  A bat (D:3)
  5 giant cockroaches
  2 hobgoblins
  2 jackals (D:4)
  2 kobolds
  3 frilled lizards
  A rat (D:3)
22 creatures vanquished.

Notes
Turn   | Place    | Note
-------+----------+-------------------------------------------
     0 | D:1      | letownia2 the Deep Dwarf Necromancer began the quest for the Orb.
     0 | D:1      | Reached XP level 1. HP: 15/15 MP: 3/3
   112 | D:2      | Reached XP level 2. HP: 17/22 MP: 0/5
   266 | D:2      | Found a shimmering altar of Xom.
   409 | D:3      | Reached skill level 5 in Necromancy
   470 | D:4      | Noticed Menkaure
   797 | D:3      | Reached XP level 3. HP: 18/28 MP: 6/6
   815 | D:3      | Learned a level 3 spell: Vampiric Draining
  1027 | D:3      | Quit the game

Skill      XL: |  1  2 |
---------------+-------+-----
Spellcasting   | 2 |  2.1
Necromancy     | 5 |  5.5
Dodging        | |  2.1
Stealth        | |  2.4

Action                   || total
-------------------------++-------
Melee: Unarmed           ||    14
       Quarterstaff      ||    17
 Cast: Pain              ||    43
Armor: Leather armour    ||    16
Dodge: Dodged            ||    50
